 Dungeon Crawl Stone Soup version 0.21.0-3-g78d12a8 (webtiles) character file.

765 Fordwin the Vandal (level 7, -1/48 HPs)
             Began as an Octopode Hunter on Jan 12, 2018.
             Was a Follower of Dithmenos.
             Succumbed to an orc wizard's poison
             ... on level 5 of the Dungeon on Jan 13, 2018.
             The game lasted 00:24:10 (5695 turns).

Fordwin the Vandal (Octopode Hunter)                Turns: 5695, Time: 00:24:11

Health: -1/48      AC:  1    Str: 10 (12) XL:     7   Next: 81%
Magic:  8/16       EV: 14    Int: 13      God:    Dithmenos [*.....]
Gold:   292        SH:  0    Dex: 12 (14) Spells: 6/6 levels left

rFire    . . .     SeeInvis .   k - +1 scythe
rCold    . . .     Gourm    .   (shield currently unavailable)
rNeg     . . .     Faith    .   (helmet restricted)
rPois    .         Spirit   +   f - amulet of guardian spirit
rElec    .         Reflect  .   a - ring of magical power
rCorr    .         Harm     .   b - ring of loudness (curse)
MR       .....                  (no ring)
Stlth    ++........             (no ring)
HPRegen  0.16/turn              (no ring)
MPRegen  0.15/turn              (no ring)
                                (no ring)
                                (no ring)

@: lethally poisoned (-1 -> -26), wreathed by umbra
A: almost no armour, stealthy swim, amphibious, 8 rings, constrict 8, camouflage
1, gelatinous body 1
a: Renounce Religion


You were on level 5 of the Dungeon.
You worshipped Dithmenos.
Dithmenos was aware of your devotion.
You were very hungry.

You visited 1 branch of the dungeon, and saw 5 of its levels.

You collected 292 gold pieces.

Inventory:

Hand Weapons
 k - a +1 scythe (weapon)
Missiles
 c - 13 sling bullets
 g - 34 poisoned needles
 h - 41 stones (quivered)
 j - 82 arrows
Jewellery
 a - a ring of magical power (left tentacle)
 b - a cursed ring of loudness (right tentacle)
 f - an amulet of guardian spirit (around mantle)
 o - an uncursed ring of flight {unknown}
Scrolls
 i - a scroll of remove curse {unknown}
 n - 3 scrolls of identify
 p - a scroll of teleportation
Potions
 e - a potion of flight
 l - 3 potions of curing {unknown}
 m - 3 potions of might
 q - 2 potions of invisibility {unknown}
 t - a potion of agility
Comestibles
 d - 7 rations


   Skills:
 + Level 4.0 Fighting
   Level 1.9 Short Blades
 + Level 3.7 Polearms
   Level 5.6(5.8) Slings
 + Level 2.2(4.2) Throwing
 + Level 3.5 Dodging
 + Level 3.1 Stealth


You had 6 spell levels left.
You didn't know any spells.

Dungeon Overview and Level Annotations

Branches:
Dungeon (5/15)
 Temple: D:4-7

Altars:
Dithmenos
Elyvilon
Makhleb
Trog


Innate Abilities, Weirdness & Mutations

You cannot wear most types of armour.
You are very stealthy in the water. (Stealth+)
You are amphibious.
You can wear up to eight rings at the same time.
You can use your tentacles to constrict eight enemies at once.
Your skin changes colour to match your surroundings (Stealth+).
Your rubbery body absorbs attacks. (AC +1, EV +1)


Message History

You resist with some effort.
There is an open door here.
Items here: )) [[ † a war axe; a leather armour; a flail; a leather armour; an orc corpse
* * * LOW HITPOINT WARNING * * *
You feel very sick.
You see here a stone.
You hit the orc wizard but do no damage.
You grab the orc wizard. You squeeze the orc wizard.
The orc wizard is severely wounded.
You constrict the orc wizard.
* * * LOW HITPOINT WARNING * * *
You feel very sick. The orc wizard barely misses you.
The orc wizard closely misses you. The orc wizard barely misses you.
You hit the orc wizard.
You kill the orc wizard!
Dithmenos accepts your kill.
You feel your strength returning.
You die...

#...#.....#.......#..
#...#.....##......#..
##'#########......#..
#...###...##......#..
#.................#..
#.................#..
#....)............#..
#####)##...........#..
#...)@.#...#########..
#..((..#...# ###
#......#...#
#......#...# #......#
#......# ######.. ..


There were no monsters in sight!

Vanquished Creatures
  Sigmund (D:2)
  An ogre (D:5)
  A scorpion (D:4)
  4 orc priests
  3 orc wizards (D:5)
  An iguana (D:4)
  Terence (D:2)
  A worker ant (D:4)
  A hound skeleton (D:5)
  A howler monkey zombie (D:5)
  7 adders
  2 worms
  20 orcs
  4 ball pythons
  10 bats
  5 giant cockroaches
  11 goblins
  8 hobgoblins
  2 quokkas
  4 frilled lizards
  10 kobolds
  5 rats
103 creatures vanquished.

Notes
Turn   | Place    | Note
-------+----------+-------------------------------------------
     0 | D:1      | Fordwin the Octopode Hunter began the quest for the Orb.
     0 | D:1      | Reached XP level 1. HP: 14/14 MP: 1/1
   120 | D:1      | Reached XP level 2. HP: 14/19 MP: 2/2
   903 | D:2      | Reached XP level 3. HP: 25/25 MP: 3/3
  1013 | D:2      | Noticed Sigmund
  1019 | D:2      | Killed Sigmund
  1019 | D:2      | Reached skill level 1 in Short Blades
  1019 | D:2      | Reached skill level 5 in Slings
  1019 | D:2      | Reached XP level 4. HP: 31/31 MP: 4/4
  1019 | D:2      | Reached XP level 5. HP: 36/36 MP: 5/5
  1223 | D:2      | Found a shadowy altar of Dithmenos.
  1224 | D:2      | Found a burning altar of Makhleb.
  1658 | D:2      | Noticed Terence
  1669 | D:2      | Killed Terence
  1889 | D:2      | Became a worshipper of Dithmenos the Shadowed
  2043 | D:3      | Reached XP level 6. HP: 33/42 MP: 4/6
  2275 | D:3      | Reached skill level 1 in Polearms
  2907 | D:3      | Reached * piety under Dithmenos
  3878 | D:4      | Reached skill level 1 in Throwing
  4236 | D:4      | Found a white marble altar of Elyvilon.
  4315 | D:4      | Reached XP level 7. HP: 30/47 MP: 7/7
  4827 | D:5      | Entered Level 5 of the Dungeon
  5308 | D:5      | Found a bloodstained altar of Trog.
  5694 | D:5      | HP: 1/48 [poisoned by an orc wizard]
  5695 | D:5      | Succumbed to an orc wizard's poison

Skill      XL: |  1  2  3  4  5  6  7 |
---------------+----------------------+-----
Fighting       | 3 4 |  4.0
Short Blades   | 1 |  1.9
Slings         | 5 |  5.6
Stealth        | 2 3 |  3.1
Polearms       | 2 3 |  3.7
Throwing       | 1 2 |  2.2
Dodging        | 3 |  3.5

Action                   |  1- 3 |  4- 6 |  7- 9 || total
-------------------------+-------+-------+-------++-------
Melee: Short sword       |    20 |       |       ||    20
       Constrict         |     5 |    29 |    12 ||    46
       Tentacles         |     3 |    16 |     6 ||    25
       Hunting sling     |     4 |       |       ||     4
       Scythe            |       |    88 |    41 ||   129
 Fire: Hunting sling     |    25 |    27 |       ||    52
Throw: Stone             |       |    90 |    35 ||   125
  Use: Scroll            |     7 |     4 |       ||    11
       Potion            |       |     8 |       ||     8
 Stab: Sleeping          |     1 |     1 |       ||     2
  Eat: Ration            |     2 |     2 |       ||     4
Armor: Skin              |     3 |     6 |     3 ||    12
Dodge: Dodged            |    33 |   100 |    41 ||   174
